 Dungeon Crawl Stone Soup version 0.31.0-32-g396128a36d (webtiles) character file.

Game seed: 3522077611764693857

967 kftrendy the Chopper (level 7, -3/63 HPs)
             Began as a Minotaur Fighter on Apr 12, 2024.
             Slain by a gnoll
             ... wielding a +0 spear
             ... led by a gnoll sergeant
              (6 damage)
             ... on level 5 of the Dungeon.
             The game lasted 00:05:52 (3961 turns).

kftrendy the Chopper (Minotaur Fighter)             Turns: 3961, Time: 00:05:52

Health: -3/63      AC:  8    Str: 23    XL:     7   Next: 93%
Magic:  6/6        EV:  9    Int:  5    God:
Gold:   220        SH:  5    Dex:  9    Spells: 6/6 levels left

rFire   . . .        a - +0 war axe
rCold   . . .        c - +0 buckler
rNeg    . . .        b - +0 scale mail
rPois   .            (helmet restricted)
rElec   .            q - +0 cloak
rCorr   .            (no gloves)
SInv    .            (no boots)
Will    .....        (no amulet) Stlth
                     (no ring)
HPRegen 0.30/turn    (no ring)
MPRegen 0.10/turn

%: no passive effects
@: mighty
A: horns 2, retaliatory headbutt
a: no special abilities


You were on level 5 of the Dungeon.
You visited 1 branch of the dungeon, and saw 5 of its levels.

You collected 220 gold pieces.

Inventory:

Hand Weapons
 a - a +0 war axe (weapon)
Missiles
 e - 33 stones (quivered)
 i - 11 poisoned darts
Armour
 b - a +0 scale mail (worn)
 c - a +0 buckler (worn)
 q - a +0 cloak (worn)
Wands
 n - a wand of charming (3)
Scrolls
 f - 3 scrolls of teleportation
 h - a scroll of fear
 j - 2 scrolls of amnesia
 p - a scroll of silence {unknown}
Potions
 d - a potion of might
 g - a potion of invisibility
 m - a potion of attraction
 o - a potion of heal wounds {unknown}


   Skills:
 + Level 6.1 Fighting
 * Level 7.2 Axes
 + Level 6.1 Armour
 + Level 6.1 Shields


You had 6 spell levels left.
You didn't know any spells.
Your spell library contained the following spells:

 Spells                   Type           Power      Damage    Failure   Level
 Freeze                   Ice            0%         1d3       83%         1
 Magic Dart               Conj           0%         1d3       83%         1
 Searing Ray              Conj           0%         2d4       92%         2
 Frozen Ramparts          Ice            0%         1d1       99%         3
 Hailstorm                Conj/Ice       0%         3d5       99%         3
 Fulminant Prism          Conj/Alch      0%         3d5       100%        4
 Summon Forest            Summ/Tloc      0%         N/A       100%        5
 Eringya's Noxious Bog    Alch           0%         4d6       100%        6
 Summon Hydra             Summ           0%         N/A       100%        7


Dungeon Overview and Level Annotations

Branches:
Dungeon (5/15)
 Temple: D:4-7

Altars:
Gozag
Zin

Shops:
D:2 [


Innate Abilities, Weirdness & Mutations

You have a pair of horns on your head.
You reflexively headbutt those who attack you in melee.


Message History

Unknown command.
You slash the gnoll sergeant!
You headbutt the gnoll sergeant, but do no damage.
The gnoll sergeant is moderately wounded.
The gnoll hits you from afar with a +0 spear.
A gnoll comes into view. It is wielding a +0 flail.
The gnoll throws a throwing net.
The throwing net hits you.
You become entangled in the net!
The gnoll sergeant hits you with a +1 heavy spear.
You struggle against the net.
A gnoll comes into view. It is wielding a +0 club.
The gnoll hits you from afar with a +0 spear.
Unknown command.
You feel very mighty all of a sudden.
The gnoll shouts!
The gnoll hits you but does no damage.
The gnoll sergeant hits you with a +1 heavy spear!
* * * LOW HITPOINT WARNING * * *
You struggle against the net.
The gnoll hits you but does no damage.
The gnoll sergeant hits you with a +1 heavy spear.
* * * LOW HITPOINT WARNING * * *
You shred the net and break free! The gnoll closely misses you.
The gnoll hits you from afar with a +0 spear.
* * * LOW HITPOINT WARNING * * *
You hit the gnoll sergeant.
The gnoll sergeant is heavily wounded.
The gnoll hits you but does no damage. You block the gnoll's attack.
The gnoll sergeant hits you but does no damage.
You slash the gnoll sergeant!
The gnoll sergeant is severely wounded.
The gnoll barely misses you.
The gnoll hits you from afar with a +0 spear.
* * * LOW HITPOINT WARNING * * *
The gnoll sergeant hits you with a +1 heavy spear.
* * * LOW HITPOINT WARNING * * *
You slash the gnoll sergeant!
You kill the gnoll sergeant!
You closely miss the gnoll.
The gnoll hits you from afar with a +0 spear.
You die...

### #.. #.# #######
####.#
####[....####.....
#######..........##....#
..................'.....
...####@#...####.##....#
#.g)#...# #........
...ggg##### #########
##.P..g# #..8..# #P....#
#.....# ......#


You could see 5 gnolls.

Vanquished Creatures
  Pikel (D:4)
  A black bear (D:4)
  A gnoll sergeant (D:5)
  2 scorpions (D:4)
  A jelly (D:4)
  Crazy Yiuf (D:4)
  A gnoll bouda (D:4)
  A scorpion zombie (D:5)
  An orc wizard (D:5)
  5 gnolls (D:4)
  5 adders
  2 ribbon worms
  2 dart slugs
  4 orcs
  8 ball pythons
  7 bats
  9 endoplasms
  2 giant cockroaches
  4 goblins
  6 hobgoblins
  2 quokkas
  A frilled lizard (D:1)
  8 kobolds
  7 rats
82 creatures vanquished.

Notes
Turn   | Place    | Note
-------+----------+-------------------------------------------
     0 | D:1      | kftrendy the Minotaur Fighter began the quest for the Orb.
     0 | D:1      | Reached XP level 1. HP: 19/19 MP: 0/0
   190 | D:1      | Reached XP level 2. HP: 27/27 MP: 1/1
   724 | D:1      | Reached skill level 3 in Axes
   749 | D:1      | Reached XP level 3. HP: 33/33 MP: 2/2
  1417 | D:2      | You fall into a shaft and drop 2 floors!
  1515 | D:3      | Reached XP level 4. HP: 25/40 MP: 3/3
  1654 | D:2      | Found Nesoenle's Antique Armour Boutique.
  2060 | D:3      | Found a glowing silver altar of Zin.
  2144 | D:3      | Reached skill level 4 in Axes
  2342 | D:3      | Found an opulent altar of Gozag.
  2747 | D:4      | Noticed a scorpion
  2756 | D:4      | Killed a scorpion
  2757 | D:4      | Reached XP level 5. HP: 47/47 MP: 4/4
  2794 | D:4      | Noticed a lemure
  2794 | D:4      | Noticed Pikel
  2795 | D:4      | Noticed a lemure
  2800 | D:4      | Noticed a lemure
  2811 | D:4      | Killed Pikel
  2812 | D:4      | Reached skill level 5 in Fighting
  2812 | D:4      | Reached skill level 6 in Axes
  2812 | D:4      | Reached skill level 5 in Armour
  2812 | D:4      | Reached skill level 5 in Shields
  2812 | D:4      | Reached XP level 6. HP: 15/56 MP: 5/5
  2812 | D:4      | Reached XP level 7. HP: 16/61 MP: 6/6
  3398 | D:4      | Found a runed translucent door.
  3399 | D:4      | Noticed Crazy Yiuf
  3405 | D:4      | Killed Crazy Yiuf
  3669 | D:4      | Reached skill level 7 in Axes
  3800 | D:5      | Entered Level 5 of the Dungeon
  3960 | D:5      | HP: 3/63 [gnoll sergeant/+1 heavy spear (4)]
  3961 | D:5      | Slain by a gnoll

Illustrated notes

Levels and vault maps discovered:
D:1:      tekkud_arrival_beachfront_property, layout_loops_corners
D:2:      layout_loops_ring, serial_shops, shop
D:3:      layout_basic, nicolae_overflow_hidden_temple, grunt_gozag_statues,
          grunt_ministairs_5
D:4:      black_bear_nest_2, layout_loops_corners, uniq_pikel,
          uniq_crazy_yiuf_cottage
D:5:      kennysheep_six_static_rooms, layout_basic,
          lemuel_zombie_altar_yredelemnul, minmay_temple_entry_slanted,
          serial_undead, serial_undead_d, serial_undead_d, serial_undead_b,
          serial_undead_c

Skill      XL: |  1  2  3  4  5  6  7 |
---------------+----------------------+-----
Armour         | 4 5 6 |  6.1
Fighting       | 4 5 6 |  6.1
Shields        | 4 5 6 |  6.1
Axes           | 3 4 6 7 |  7.2

Action                     |  1- 3 |  4- 6 |  7- 9 || total
---------------------------+-------+-------+-------++-------
  Melee: War axe           |    80 |    44 |    63 ||   187
         Headbutt          |    13 |     9 |    12 ||    34
    Use: Scroll            |     4 |       |     2 ||     6
         Potion            |       |     1 |     1 ||     2
 Armour: Scale mail        |    49 |    20 |    57 ||   126
  Dodge: Dodged            |    36 |    21 |    31 ||    88
  Block: Buckler           |    14 |    12 |     9 ||    35
